 Dungeon Crawl Stone Soup version 0.30.1-4-g462c640d31 (webtiles) character file.

Game seed: 7812696894047190208

5595 FishyPogo the Changer (level 10, -10/100 HPs)
             Began as a Troll Transmuter on Sept 16, 2023.
             Was the Champion of Jiyva.
             Mangled by a shadow (31 damage)
             ... on level 9 of the Dungeon.
             The game lasted 00:23:26 (6043 turns).

FishyPogo the Changer (Troll Transmuter)            Turns: 6043, Time: 00:23:26

Health: -10/100    AC: 12    Str: 20    XL:     10   Next: 45%
Magic:  24/24      EV: 10    Int: 13    God:    Jiyva [******]
Gold:   350        SH:  0    Dex: 10    Spells: 7/13 levels left

rFire   + +          +
                       - Unarmed
rCold   + + .        (no shield)
rNeg    + . .        A - +2 robe {rC+}
rPois   .            (helmet currently unavailable)
rElec   .            E - +0 cloak
rCorr   +            (gloves unavailable)
SInv    .            (boots unavailable)
Will    .....        t
                       - Hermit's Pendant {Faith Invo=14 Evo=0 MP+5}
Stlth   +            i - ring of positive energy
HPRegen 2.76/turn    r - ring of protection from cold
MPRegen 0.69/turn

%: faith
@: lethally poisoned (-10 -> -10), appendages, wereblooded
A: horns 2, talons 2, large, unfitting armour, claws 3, regeneration 1, shaggy
fur 2, tough skin 1, iridescent scales 2, fire resistance 3
a: End Transformation, Renounce Religion, Oozemancy, Slimify


You were on level 9 of the Dungeon.
You worshipped Jiyva.
Jiyva was exalted by your worship.
You had temporarily grown beastly horns and talons.
You visited 1 branch of the dungeon, and saw 9 of its levels.

You collected 350 gold pieces.

Inventory:

Hand Weapons
 a - a +2 scimitar of flaming
Missiles
 d - 2 throwing nets
 e - 14 poisoned darts
 g - 52 stones (quivered)
 m - 12 boomerangs
 v - a curare-tipped dart
 x - 2 atropa-tipped darts
Armour
 o - a +0 troll leather armour
 A - a +2 robe of cold resistance (worn)
 E - a +0 cloak (worn)
Magical Staves
 y - a staff of conjuration
 C - the staff of fire "Wushriv" {rF+ rC+ Dex+4}
   (You found it on level 8 of the Dungeon)

   [staff of fire]

   Base accuracy: +5 Base damage: 5 Base attack delay: 1.2 This weapon's minimum
   attack delay (0.6) is reached at skill level 12.
   Dex:       It affects your dexterity (+4).
   rF:        It protects you from fire.
   rC:        It protects you from cold.
   It falls into the 'Staves' category.
   It is a one-clawed weapon.
Jewellery
 i - a ring of positive energy (left claw)
 r - a ring of protection from cold (right claw)
 t - the Hermit's Pendant (around neck) {Faith Invo=14 Evo=0 MP+5}
   (You found it on level 5 of the Dungeon)

   [amulet of faith]

   Invo=14: It sets your Invocations skill to 14.
   Evo=0: It sets your Evocations skill to 0.
   It allows you to gain divine favour quickly.
   MP:        It affects your magic capacity (+5).
 w - a ring of protection from cold
Wands
 f - a wand of roots (9)
 z - a wand of flame (35)
Scrolls
 c - a scroll of identify
 h - a scroll of teleportation
 s - a scroll of brand weapon
 u - a scroll of noise
 B - a scroll of fear
Potions
 k - a potion of heal wounds
 n - a potion of might
 q - 2 potions of curing
 D - a potion of mutation


   Skills:
 + Level 6.6 Fighting
 - Level 5.0 Throwing
 - Level 2.0 Dodging
 - Level 6.0 Unarmed Combat
 - Level 2.0 Spellcasting
 + Level 4.3 Necromancy
 + Level 7.3 Transmutations


You had 7 spell levels left.
You knew the following spells:

 Your Spells              Type           Power      Damage    Failure   Level
a - Beastly Appendage     Tmut           40%        N/A       1%          1
b - Wereblood             Tmut           20%        N/A       1%          2
c - Spider Form           Tmut/Pois      10%        N/A       17%         3

Your spell library contained the following spells:

 Spells                   Type           Power      Damage    Failure   Level
 Kiss of Death            Conj/Necr      28%        2d7       11%         1
 Shock                    Conj/Air       4%         1d3       26%         1
 Dispel Undead            Necr           12%        3d9       38%         4
 Ice Form                 Ice/Tmut       10%        N/A       50%         4
 Confusing Touch          Hex            1%         N/A       58%         3
 Swiftness                Air            1%         N/A       58%         3
 Airstrike                Air            0%         2d(1-17)  94%         4


Dungeon Overview and Level Annotations

Branches:
Dungeon (9/15)             Temple (0/1) D:7
   Lair: D:8-11         Orc: D:9-12

Altars:
Nemelex Xobeh
Xom
Jiyva

Shops:
D:2 [   D:5 ?


Innate Abilities, Weirdness & Mutations

You have temporarily grown beastly horns and talons.
You are too large for most types of armour.
You have claws for hands.
Your natural rate of healing is unusually fast.
You are covered in thick fur. (AC +2)
You have tough skin. (AC +1)
You are mostly covered in iridescent scales. (AC +4)
Your flesh is almost immune to the effects of heat. (rF+++)


Message History

The troll claws you but does no damage. x2
Something hits you but does no damage. The orc hits you but does no damage.
The shadow hits you.
The orc priest hits you but does no damage.
You closely miss something.
You feel sick. The troll bites you but does no damage.
The troll claws you but does no damage. The troll barely misses you.
Something hits you but does no damage. The shadow hits you.
The orc priest hits you but does no damage.
The orc hits you but does no damage.
Unknown command.
You pummel something!!
You feel a bit better.
Reactivating autopickup.
You feel a bit more experienced.
You feel sick. The troll bites you but does no damage. The troll claws you!
* * * LOW HITPOINT WARNING * * *
The troll claws you.
* * * LOW HITPOINT WARNING * * *
The shadow hits you.
The orc priest hits you but does no damage.
You hit the shadow.
The shadow is moderately damaged.
You feel less wooden.
Your +0 cloak unmelds from your body.
Your +2 robe of cold resistance unmelds from your body.
You feel resistant to cold.
You feel sick. The troll closely misses you. The troll claws you.
* * * LOW HITPOINT WARNING * * *
The troll barely misses you. The orc misses you.
The shadow slips into darkness.
The shadow flickers and vanishes!
Deactivating autopickup; reactivate with Ctrl-A.
The orc priest barely misses you.
Casting: Beastly Appendage (safe; 1% risk of failure)
Confirm with . or Enter, or press ? or * to list all spells.
You grow a pair of large bovine horns.
Your feet morph into talons.
You feel sick. The troll closely misses you. The troll barely misses you.
The troll claws you but does no damage.
The shadow strikes at you from the darkness!
You die...

#.# #...# #.#
#...# ..# #.#
#...# ..# #.#
#...# ..# #.#
#...# ).# #.#
#...# ..# #.#
#<..# ..#
#)####...####).#
#))........)@).#
#.).....[..){T.#
#..###..####.oo#
#..# #..#
#.D..... #..#
#..# #.......
#..# #..#
#........ #..#
#..# #........
#..# #..#
#........
#####..# #..#
.......


You could see a troll, an acid dragon, an orc priest and an orc.

Vanquished Creatures
  Erica (D:8)
  Psyche (D:8)
  2 trolls
  2 hornets (D:8)
  Sigmund (D:2)
  A wraith (D:8)
  2 wyverns (D:8)
  A yak (D:8)
  Eustachio (D:4)
  A vampire mosquito (D:8)
  An acid dragon (D:8)
  2 water moccasins
  An orc warrior (D:8)
  3 sky beasts (D:7)
  2 ice beasts
  A black bear (D:5)
  A centaur (D:5)
  An ogre (D:5)
  4 kobold brigands
  2 bullfrogs (D:8)
  2 gnoll sergeants
  3 scorpions
  A wight (D:8)
  7 killer bees
  A howler monkey (D:5)
  2 orc priests (D:9)
  7 hounds
  Jessica (D:3)
  2 iguanas
  10 orc wizards
  11 gnolls
  8 adders
  3 shadow imps
  2 white imps (D:8)
  4 worms
  4 dart slugs
  26 orcs
  5 ball pythons (D:1)
  3 bats
  2 giant cockroaches (D:2)
  7 goblins
  6 hobgoblins
  6 jackals
  4 quokkas
  3 frilled lizards
  13 kobolds
  9 rats
183 creatures vanquished.

Vanquished Creatures (others)
  An ice beast (D:8)
  A howler monkey (D:5)
  10 jellies
  An orc priest (D:6)
  An iguana (D:4)
  A sleepcap (D:8)
  4 orc wizards
  A gnoll (D:4)
  An adder (D:4)
  A white imp (D:8)
  An ufetubus (D:6)
  A dart slug (D:2)
  5 orcs
  2 bats (D:2)
  2 endoplasms
  2 giant cockroaches (D:4)
  A goblin (D:4)
  5 jackals
  A kobold (D:7)
  A quokka (D:2)
43 creatures vanquished.

Grand Total: 226 creatures vanquished

Notes
Turn   | Place    | Note
-------+----------+-------------------------------------------
     0 | D:1      | FishyPogo the Troll Transmuter began the quest for the Orb.
     0 | D:1      | Reached XP level 1. HP: 18/18 MP: 1/1
    38 | D:1      | Reached skill level 1 in Fighting
    42 | D:1      | Reached XP level 2. HP: 27/27 MP: 0/3
    45 | D:1      | Learned a level 2 spell: Wereblood
   672 | D:1      | Found a faded altar of an unknown god.
   679 | D:1      | Prayed at the altar of an unknown god.
   679 | D:1      | Became a worshipper of Jiyva Joax the Shapeless
   679 | D:1      | Reached * piety under Jiyva
  1071 | D:2      | Noticed Sigmund
  1080 | D:2      | Reached skill level 2 in Transmutations
  1080 | D:2      | Reached XP level 3. HP: 27/33 MP: 4/4
  1119 | D:2      | Killed Sigmund
  1120 | D:2      | Reached skill level 3 in Transmutations
  1120 | D:2      | Reached XP level 4. HP: 39/41 MP: 4/6
  1120 | D:2      | Reached XP level 5. HP: 46/48 MP: 4/7
  1152 | D:2      | Found a shimmering altar of Xom.
  1568 | D:2      | Reached ** piety under Jiyva
  1620 | D:2      | Found Ceifa's Armour Boutique.
  1881 | D:3      | Noticed Jessica
  1895 | D:3      | Killed Jessica
  1896 | D:3      | Reached skill level 4 in Transmutations
  2060 | D:3      | Reached XP level 6. HP: 55/55 MP: 8/8
  2256 | D:3      | Reached *** piety under Jiyva
  2864 | D:4      | Noticed a water moccasin
  2870 | D:4      | Killed a water moccasin
  2990 | D:4      | Noticed Eustachio
  3011 | D:4      | Killed Eustachio
  3012 | D:4      | Reached XP level 7. HP: 39/65 MP: 9/9
  3035 | D:5      | Entered Level 5 of the Dungeon
  3045 | D:5      | Reached **** piety under Jiyva
  3056 | D:5      | Lost mutation: You have razor-sharp toenails. [Jiyva's
                  | grace]
  3056 | D:5      | Lost mutation: You have sharp toenails. [Jiyva's grace]
  3056 | D:5      | Gained mutation: You are partially covered in iridescent
                  | scales. (AC +2) [Jiyva's grace]
  3056 | D:5      | Gained mutation: You are mostly covered in iridescent
                  | scales. (AC +4) [Jiyva's grace]
  3056 | D:5      | Gained mutation: You are completely covered in iridescent
                  | scales. (AC +6) [Jiyva's grace]
  3056 | D:5      | Gained mutation: Your melee attacks may engulf your foes in
                  | ooze. [Jiyva's grace]
  3264 | D:5      | Reached skill level 5 in Transmutations
  3281 | D:5      | Reached skill level 5 in Unarmed Combat
  3297 | D:5      | Reached skill level 1 in Throwing
  3297 | D:5      | Reached XP level 8. HP: 71/75 MP: 10/10
  3403 | D:5      | Found a faded altar of an unknown god.
  3403 | D:5      | Found the Hermit's Pendant {Faith Invo=14 Evo=0 MP+5}
  3528 | D:5      | Found Lab Jub's Magic Scroll Shop.
  3957 | D:6      | Reached ***** piety under Jiyva
  4397 | D:7      | Reached XP level 9. HP: 77/85 MP: 18/18
  4433 | D:7      | Learned a level 3 spell: Spider Form
  4485 | D:7      | Lost mutation: You are completely covered in iridescent
                  | scales. (AC +6) [Jiyva's grace]
  4485 | D:7      | Lost mutation: Your melee attacks may engulf your foes in
                  | ooze. [Jiyva's grace]
  4485 | D:7      | Gained mutation: Your flesh is heat resistant. (rF+)
                  | [Jiyva's grace]
  4485 | D:7      | Gained mutation: Your flesh is very heat resistant. (rF++)
                  | [Jiyva's grace]
  4485 | D:7      | Gained mutation: Your flesh is almost immune to the effects
                  | of heat. (rF+++) [Jiyva's grace]
  4485 | D:7      | Gained mutation: You are covered in thick fur. (AC +2)
                  | [Jiyva's grace]
  4530 | D:7      | Found a staircase to the Ecumenical Temple.
  4822 | D:7      | Reached skill level 6 in Transmutations
  4828 | D:7      | Reached skill level 1 in Necromancy
  4978 | D:7      | Reached skill level 5 in Fighting
  5108 | D:8      | Reached ****** piety under Jiyva
  5116 | D:8      | Noticed Psyche
  5128 | D:8      | Killed Psyche
  5183 | D:8      | Noticed Erica
  5201 | D:8      | Killed Erica
  5486 | D:8      | Found a sparkling altar of Nemelex Xobeh.
  5605 | D:8      | Reached skill level 5 in Throwing
  5623 | D:8      | Reached XP level 10. HP: 85/98 MP: 19/19
  5678 | D:8      | Identified the staff of fire "Wushriv" {rF+ rC+ Dex+4}
  5735 | D:8      | Paralysed by a hornet for 1 turns
  5737 | D:8      | Reached skill level 7 in Transmutations
  5760 | D:8      | Paralysed by a hornet for 3 turns
  6043 | D:9      | Mangled by a shadow

Illustrated notes

Levels and vault maps discovered:
D:1:      lightli_arrival_chessboard, layout_basic,
          dilly_ecumenical_altar_fadedgnrine, grunt_decor_junction,
          minmay_misc_feat_iff, corner_web_ring
D:2:      wad_lake_hut, layout_rooms, serial_shops, nicolae_lakefront_shop,
          basic_altar, grunt_decor_cap, uniq_sigmund
D:3:      minmay_evil_eye, layout_loops_cross, due_unseen_surprise, uniq_jessica
D:4:      layout_loops_ring, minmay_manual_mail, uniq_eustachio
D:5:      minmay_chambers_of_threes, layout_rooms, serial_shops, shop,
          hellmonk_guarded_unrand_hermit
D:6:      minmay_flawed_box, layout_basic, serial_aquarium,
          aquarium_bridge_square [aquarium_subvault_wall,
          aquarium_subvault_bridge, aquarium_subvault_bridge,
          aquarium_subvault_bridge], aquarium_bridge_long_joined
          [aquarium_subvault_bridge, aquarium_subvault_window,
          aquarium_subvault_window, aquarium_subvault_window,
          aquarium_subvault_window, aquarium_subvault_wall], aquarium_window_1,
          aquarium_window_corner, aquarium_window_2, aquarium_window_3,
          aquarium_view_2e, aquarium_balcony_3b, chequers_serial_rivers_micro_c
D:7:      layout_basic, minmay_temple_entry_glassed_door
D:8:      kennysheep_windowed_halls, layout_basic, nemelex_altar_shiori,
          uniq_psyche, uniq_erica
D:9:      layout_long_grid, mainiacjoe_overflow_tiny_flanked, enter_bailey_5

Skill      XL: |  1  2  3  4  5  6  7  8  9 10 |
---------------+-------------------------------+-----
Fighting       | 1 2 3 4 5 6 |  6.6
Dodging        | 2 |  2.0
Transmutations | 2 3 4 5 6 7 |  7.3
Spellcasting   | 2 |  2.0
Unarmed Combat | 5 6 |  6.0
Throwing       | 1 3 5 |  5.0
Necromancy     | 3 4 |  4.3

Action                     |  1- 3 |  4- 6 |  7- 9 | 10-12 || total
---------------------------+-------+-------+-------+-------++-------
  Melee: Unarmed           |    72 |   126 |   246 |    93 ||   537
         Headbutt          |     2 |     9 |    26 |    12 ||    49
         Punch             |     2 |     3 |     6 |     3 ||    14
         Kick              |     4 |    16 |    47 |    23 ||    90
  Throw: Stone             |       |       |     3 |       ||     3
         Dart              |       |       |     1 |     1 ||     2
   Cast: Beastly Appendage |     8 |    18 |    22 |     7 ||    55
         Wereblood         |       |     1 |     9 |     5 ||    15
    Use: Potion            |     2 |       |       |     2 ||     4
         Scroll            |       |       |       |     9 ||     9
   Stab: Invisible         |       |       |       |     1 ||     1
 Armour: Robe              |    41 |    31 |   108 |    36 ||   216
         Skin              |       |       |       |    72 ||    72
  Dodge: Dodged            |    72 |    51 |   104 |    56 ||   283
